 Dungeon Crawl Stone Soup version 0.22.1-1-ga44c0e56f4 (webtiles) character file.

2714 LLavrengius the Martial Artist (level 9, -12/63 HPs)
             Began as an Octopode Transmuter on Nov 5, 2018.
             Was an Initiate of Makhleb.
             Shot with a sling bullet by Joseph (21 damage)
             ... on level 7 of the Dungeon.
             The game lasted 00:30:43 (8039 turns).

LLavrengius the Martial Artist (OpTm)               Turns: 8039, Time: 00:30:44

Health: -12/63     AC:  2    Str: 14    XL:     9   Next: 66%
Magic:  9/13       EV: 23    Int: 18    God:    Makhleb [......]
Gold:   299        SH:  0    Dex: 18    Spells: 3/13 levels left

rFire    . . .     SeeInvis .     - Unarmed
rCold    . . .     Gourm    .   (shield currently unavailable)
rNeg     . . .     Faith    .   (helmet currently unavailable)
rPois    x         Spirit   .   (no amulet)
rElec    .         Reflect  .   g - ring of attention (curse)
rCorr    .         Harm     .   l - +5 ring of strength
MR       .....                  f - ring of stealth
Stlth    ++........             (no ring)
HPRegen  0.20/turn              (no ring)
MPRegen  0.13/turn              (no ring)
                                (no ring)
                                (no ring)

@: spider-form (expiring)
A: tiny, almost no armour, stealthy swim, (amphibious), 8 rings, (constrict 8)
a: End Transformation, Renounce Religion


You were on level 7 of the Dungeon.
You worshipped Makhleb.
Makhleb was noncommittal.
You were not hungry.
You were a venomous arachnid creature.
You visited 2 branches of the dungeon, and saw 8 of its levels.

You collected 299 gold pieces.

Inventory:

Hand Weapons
 d - a +0 trident
 i - a +0 glaive
Missiles
 a - 119 arrows
 j - 152 stones
 p - 8 javelins (quivered)
 u - 8 tomahawks
Armour
 o - a +2 hat (melded)
 x - a +0 shield
Jewellery
 f - a ring of stealth (on tentacle)
 g - a cursed ring of attention (left front leg)
 l - a +5 ring of strength (right front leg)
Wands
 n - a wand of disintegration (11)
 q - a wand of clouds (5)
 r - a wand of acid (4)
Scrolls
 h - 5 scrolls of identify
 t - 2 scrolls of teleportation
 w - a scroll of blinking
 y - a scroll of enchant weapon {unknown}
Potions
 b - 5 potions of curing
 e - a potion of haste
 k - 2 potions of flight
 m - 3 potions of resistance
 s - 2 potions of heal wounds
Comestibles
 c - 4 rations
 v - 4 chunks of flesh


   Skills:
 + Level 6.4 Fighting
 - Level 5.0 Dodging
 - Level 1.0 Stealth
 - Level 8.0 Unarmed Combat
 + Level 2.8 Spellcasting
 - Level 6.0 Transmutations
 + Level 2.8 Ice Magic


You had 3 spell levels left.
You knew the following spells:

 Your Spells              Type           Power        Failure   Level  Hunger
a - Beastly Appendage     Tmut           ###...       6%          1    None
b - Sticks to Snakes      Tmut           ###.....     8%          2    ##.....
c - Spider Form           Tmut/Pois      ##........   32%         3    ###....
d - Ice Form              Ice/Tmut       ###.....     47%         4    ####...

Your spell library contained the following spells:

 Spells                   Type           Power        Failure   Level  Hunger
 Blade Hands              Tmut           ###.......   58%         5    ######.


Dungeon Overview and Level Annotations

Branches:
Dungeon (7/15)             Temple (1/1) D:6

Altars:
Ashenzari
Cheibriados
Dithmenos
Elyvilon
Fedhas
Gozag
Hepliaklqana
Kikubaaqudgha
Makhleb
Nemelex Xobeh
Okawaru
Qazlal
Ru
Sif Muna
Trog
Uskayaw
Vehumet
Wu Jian
Xom
Yredelemnul
Zin
The Shining One

Shops:
D:5 ?

Annotations:
D:7 Joseph


Innate Abilities, Weirdness & Mutations

You cannot wear most types of armour.
You are very stealthy in the water. (Stealth+)
((You are amphibious.))
You can wear up to eight rings at the same time.
((You can use your tentacles to constrict eight enemies at once.))
((Your skin changes colour to match your surroundings (Stealth+).))
((Your rubbery body absorbs attacks. (AC +1, EV +1)))


Message History

You completely miss Joseph.
Joseph is moderately wounded.
Joseph hits you with an uncursed quarterstaff!
You hit Joseph but do no damage.
Joseph looks even sicker.
Joseph is moderately wounded.
Joseph hits you with an uncursed quarterstaff.
* * * LOW HITPOINT WARNING * * *
You hit Joseph but do no damage.
Joseph is moderately wounded.
Your transformation is almost over.
Joseph misses you.
You completely miss Joseph.
Joseph is moderately wounded.
Joseph hits you with an uncursed quarterstaff!
* * * LOW HITPOINT WARNING * * *
Joseph unwields an uncursed quarterstaff.
Joseph wields an uncursed hunting sling.
Joseph shoots a sling bullet.
The sling bullet barely misses you.
Joseph shoots a sling bullet.
The sling bullet hits you!!
You die...

#....)##.#....## #...@.#
...#..#........# #.....
...#.........#..##....
...#............###.)#
#...#................#
#.............#....#.##
..###.........###..)..#
.## #.........###...#.##
.# #...........s##)...#
.####.........##...##..#
..............####..@(.#
.................(.....#
..............########..#
.............## #....
.....##.....## ##...
.....######## ... ######
..


You could see Joseph.

Vanquished Creatures
  Prince Ribbit (D:5)
  A hippogriff (D:7)
  Sigmund (D:2)
  A hungry ghost (D:6)
  A water moccasin (D:5)
  A black bear (D:7)
  A necrophage (D:7)
  An ice beast (D:5)
  4 ogres
  A centaur (D:5)
  A bullfrog (D:7)
  A scorpion (D:7)
  A water moccasin skeleton (D:4)
  5 crimson imps
  3 howler monkeys
  A jelly (D:7)
  2 orc priests (D:5)
  6 hounds
  5 orc wizards
  6 worker ants
  A worker ant zombie (D:7)
  10 adders
  A shadow imp (D:7)
  An ooze (D:2)
  An adder skeleton (D:4)
  3 worms
  A dart slug (D:3)
  4 leopard geckos
  18 orcs
  7 bats
  7 giant cockroaches
  5 hobgoblins
  12 jackals
  4 kobolds
  6 quokkas
  A ball python (D:1)
  A ball python skeleton (D:4)
  4 frilled lizards
  6 goblins
  4 rats
141 creatures vanquished.

Vanquished Creatures (others)
  Blork the orc (D:6)
1 creature vanquished.

Grand Total: 142 creatures vanquished

Notes
Turn   | Place    | Note
-------+----------+-------------------------------------------
     0 | D:1      | LLavrengius the Octopode Transmuter began the quest for the
                  | Orb.
     0 | D:1      | Reached XP level 1. HP: 13/13 MP: 3/3
   296 | D:1      | Reached XP level 2. HP: 14/18 MP: 5/5
   854 | D:2      | Reached XP level 3. HP: 13/23 MP: 6/6
  1176 | D:2      | Learned a level 2 spell: Sticks to Snakes
  1180 | D:2      | Learned a level 3 spell: Spider Form
  1828 | D:2      | Reached XP level 4. HP: 29/29 MP: 7/7
  2104 | D:2      | Noticed Sigmund
  2136 | D:2      | Killed Sigmund
  2136 | D:2      | Reached skill level 4 in Unarmed Combat
  2136 | D:2      | Reached XP level 5. HP: 20/36 MP: 4/8
  2136 | D:2      | Reached XP level 6. HP: 23/41 MP: 4/9
  3135 | D:3      | Reached skill level 5 in Transmutations
  3153 | D:3      | HP: 2/42 [poisoned by an adder]
  3161 | D:3      | HP: 2/42 [poisoned by an adder]
  3781 | D:4      | Reached XP level 7. HP: 37/46 MP: 7/10
  3934 | D:4      | Found a snail-covered altar of Cheibriados.
  3937 | D:4      | Found a stormy altar of Qazlal.
  3941 | D:4      | Found a sacrificial altar of Ru.
  4202 | D:4      | Found an opulent altar of Gozag.
  4202 | D:4      | Found an ornate altar of the Wu Jian Council.
  4202 | D:4      | Found a blossoming altar of Fedhas.
  4202 | D:4      | Found a glowing silver altar of Zin.
  4209 | D:4      | Found a shattered altar of Ashenzari.
  4211 | D:4      | Found a glowing golden altar of the Shining One.
  4262 | D:5      | Entered Level 5 of the Dungeon
  4364 | D:5      | Reached skill level 5 in Unarmed Combat
  4628 | D:5      | Noticed Prince Ribbit
  4633 | D:5      | Reached XP level 8. HP: 54/54 MP: 2/11
  4659 | D:5      | Killed Prince Ribbit
  4659 | D:5      | Reached skill level 6 in Unarmed Combat
  5036 | D:5      | Reached skill level 5 in Fighting
  5614 | D:5      | Found Puduna's Magic Scroll Emporium.
  5626 | D:5      | Reached skill level 7 in Unarmed Combat
  6431 | D:6      | Reached XP level 9. HP: 54/61 MP: 10/12
  6465 | D:6      | Found a staircase to the Ecumenical Temple.
  6560 | Temple   | Entered the Ecumenical Temple
  6632 | Temple   | Became a worshipper of Makhleb the Destroyer
  6648 | D:6      | Learned a level 4 spell: Ice Form
  6685 | D:6      | Noticed Blork the orc
  6714 | D:6      | Found a deep blue altar of Sif Muna.
  6729 | D:6      | Killed Blork the orc
  6729 | D:6      | Reached skill level 1 in Stealth
  7188 | D:6      | Reached skill level 1 in Ice Magic
  7672 | D:7      | Reached skill level 8 in Unarmed Combat
  7864 | D:7      | Reached skill level 5 in Dodging
  8013 | D:7      | Noticed Joseph
  8039 | D:7      | Shot with a sling bullet by Joseph

Skill      XL: |  1  2  3  4  5  6  7  8  9 |
---------------+----------------------------+-----
Transmutations | 3 4 5 6 |  6.0
Fighting       | 2 3 4 5 6 |  6.4
Unarmed Combat | 4 5 7 8 |  8.0
Dodging        | 4 5 |  5.0
Stealth        | 1 |  1.0
Ice Magic      | 2 |  2.8
Spellcasting   | |  2.8

Action                   |  1- 3 |  4- 6 |  7- 9 || total
-------------------------+-------+-------+-------++-------
Melee: Unarmed           |    79 |    96 |   294 ||   469
       Constrict         |    20 |    23 |     9 ||    52
       Tentacles         |    14 |     8 |     8 ||    30
       Punch             |     2 |     2 |     2 ||     6
       Kick              |     5 |    14 |     3 ||    22
Throw: Javelin           |       |       |    13 ||    13
       Tomahawk          |       |       |     8 ||     8
 Cast: Beastly Appendage |     4 |     7 |     3 ||    14
       Spider Form       |       |     4 |    36 ||    40
  Use: Scroll            |       |     8 |     9 ||    17
       Potion            |       |     1 |       ||     1
 Stab: Sleeping          |     9 |     2 |     1 ||    12
  Eat: Chunk             |     3 |     7 |    13 ||    23
       Ration            |       |       |     4 ||     4
Armor: Skin              |     7 |     8 |    17 ||    32
Dodge: Dodged            |    51 |    71 |   200 ||   322
